 Dungeon Crawl Stone Soup version 0.22.0 (webtiles) character file.

54 Blackhawk the Skirmisher (level 4, -5/37 HPs)
             Began as a Formicid Abyssal Knight on Oct 26, 2018.
             Was a Follower of Lugonu.
             Slain by Natasha (7 damage)
             ... on level 2 of the Dungeon.
             The game lasted 00:03:46 (2022 turns).

Blackhawk the Skirmisher (Formicid Abyssal Knight)  Turns: 2022, Time: 00:03:46

Health: -5/37      AC:  3    Str: 18    XL:     4   Next: 12%
Magic:  6/6        EV: 11    Int: 11    God:    Lugonu [*.....]
Gold:   57         SH:  0    Dex: 10    Spells: 3/3 levels left

rFire    . . .     SeeInvis +   a - +1 mace
rCold    . . .     Gourm    +   (no shield)
rNeg     . . .     Faith    .   b - +0 leather armour
rPois    .         Spirit   .   (helmet unavailable)
rElec    .         Reflect  .   (no cloak)
rCorr    .         Harm     .   (no gloves)
MR       .....                  (no boots)
Stlth    +.........             d - amulet of the gourmand
HPRegen  0.12/turn              (no ring)
MPRegen  0.10/turn              (no ring)

@: no status effects
A: permanent stasis, dig shafts and tunnels, four strong arms, antennae 3
a: Dig, Shaft Self, Depart the Abyss, Renounce Religion


You were on level 2 of the Dungeon.
You worshipped Lugonu.
Lugonu was aware of your devotion.
You were hungry.

You visited 1 branch of the dungeon, and saw 2 of its levels.
You visited the Abyss 1 time.

You collected 57 gold pieces.

Inventory:

Hand Weapons
 a - a +1 mace (weapon)
 p - a +0 hunting sling
Missiles
 e - 24 stones (quivered)
 g - 22 sling bullets
Armour
 b - a +0 leather armour (worn)
Jewellery
 d - an amulet of the gourmand (around neck)
Scrolls
 f - a scroll of blinking {unknown}
 h - 2 scrolls of remove curse {unknown}
 i - a scroll of identify {unknown}
 j - a scroll of teleportation {unknown}
Potions
 k - 2 potions of heal wounds {unknown}
 l - a potion of ambrosia {unknown}
 m - a potion of brilliance {unknown}
 n - 2 potions of degeneration {unknown}
Comestibles
 c - 3 rations
 o - 2 chunks of flesh


   Skills:
 + Level 3.7 Fighting
 + Level 2.5 Maces & Flails
 + Level 2.7 Armour
 + Level 1.5 Dodging
 + Level 2.9 Invocations


You had 3 spell levels left.
You didn't know any spells.
Your spell library contained the following spells:

 Spells                   Type           Power        Failure   Level  Hunger
 Confuse                  Hex            #.......     77%         3    ####...
 Tukima's Dance           Hex            #.......     77%         3    ####...
 Ensorcelled Hibernation  Hex/Ice        #.....       54%         2    ###....
 Corona                   Hex            #......      38%         1    ##.....
 Dazzling Spray           Conj/Hex       #.....       77%         3    ####...


Dungeon Overview and Level Annotations

Branches:
Dungeon (2/15)

Altars:

Annotations:
D:2 Natasha


Innate Abilities, Weirdness & Mutations

You cannot be hasted, slowed, berserked, paralysed or teleported.
You can dig through walls and to a lower floor.
Your four strong arms can wield two-handed weapons with a shield.
You have a pair of large antennae on your head. (SInv)


Message History

Natasha claws you!
* * * LOW HITPOINT WARNING * * *
You miss Natasha.
Natasha is severely wounded.
Natasha casts a spell at you. The magic dart hits you!
* * * LOW HITPOINT WARNING * * *
You miss Natasha.
Natasha is severely wounded.
Natasha is no longer unusually agile.
Natasha claws you.
* * * LOW HITPOINT WARNING * * *
Natasha mumbles some strange words.
You hit Natasha.
Natasha is almost dead.
Natasha closely misses you. The iron imp closely misses you.
You closely miss Natasha.
Natasha is almost dead.
The crimson imp disappears in a puff of smoke!
Natasha claws you!
You die...

#.##.....## ..#.#
#.#.......##.# #..
#..........#{# ...
#..........#.#....
####.....#.......#
#...<##....<..#
#ยง#.###.#.# #h###
#.#.# #@# #.#
###.#
#5#####.#......
#.............#
#..####.##.##.#
#..# ### # #..#
#..# { ...# .##.#


You could see an iron imp and Natasha.

Vanquished Creatures
  Robin (D:2)
  2 dart slugs (D:1)
  A leopard gecko (D:1)
  2 giant cockroaches (D:1)
  4 goblins
  8 hobgoblins
  4 jackals (D:1)
  5 kobolds (D:1)
  A quokka (D:2)
  3 bats (D:1)
  2 rats
33 creatures vanquished.

Notes
Turn   | Place    | Note
-------+----------+-------------------------------------------
     0 | Abyss:1  | Blackhawk the Formicid Abyssal Knight began the quest for the Orb.
     0 | Abyss:1  | Reached XP level 1. HP: 18/18 MP: 2/2
    17 | Abyss:1  | Found an opulent altar of Gozag.
    38 | Abyss:1  | Found an ancient bone altar of Kikubaaqudgha.
    89 | Abyss:1  | Noticed a thrashing horror
    90 | D:1      | Escaped the Abyss
   131 | D:1      | Reached skill level 1 in Dodging
   217 | D:1      | Reached XP level 2. HP: 15/24 MP: 3/3
   562 | D:1      | Reached * piety under Lugonu
   777 | D:1      | Reached XP level 3. HP: 22/29 MP: 4/4
  1400 | D:2      | Noticed Robin
  1783 | D:2      | Killed Robin
  1783 | D:2      | Reached XP level 4. HP: 20/37 MP: 6/6
  1995 | D:2      | Noticed Natasha
  2022 | D:2      | Slain by Natasha

Skill      XL: |  1 |
---------------+----+-----
Dodging        | 1 |  1.5
Fighting       | |  3.7
Maces & Flails | |  2.5
Armour         | |  2.7
Invocations    | |  2.9

Action                   |  1- 3 |  4- 6 || total
-------------------------+-------+-------++-------
Melee: Mace              |    94 |    19 ||   113
Invok: Depart the Abyss  |     1 |       ||     1
  Eat: Chunk             |     2 |     1 ||     3
Armor: Leather armour    |    37 |     5 ||    42
Dodge: Dodged            |    78 |    11 ||    89
